 Dungeon Crawl Stone Soup version 0.21.2 (webtiles) character file.

17364 Delanovic the Unseen (level 12, 0/53 HPs)
             Began as a Felid Enchanter on Feb 22, 2019.
             Was an Elder of Sif Muna.
             Killed from afar by a catoblepas (3 damage)
             ... with a blast of calcifying dust
             ... on level 3 of the Lair of Beasts.
             The game lasted 01:24:23 (24943 turns).

Delanovic the Unseen (Felid Enchanter)             Turns: 24943, Time: 01:24:24

Health: 0/53       AC:  5    Str:  3 (4)  XL:     12   Next: 18%
Magic:  16/25      EV:  4    Int: 21 (23) God:    Sif Muna [****..]
Gold:   712        SH:  0    Dex: 17 (18) Spells: 17/28 levels left
                                        Lives:  0   Deaths: 2

rFire    . . .     SeeInvis +     - Unarmed
rCold    + . .     Gourm    .   (shield unavailable)
rNeg     + + +     Faith    .   (armour unavailable)
rPois    ∞         Spirit   .   (helmet unavailable)
rElec    .         Reflect  .   (cloak unavailable)
rCorr    .         Harm     .   (gloves unavailable)
MR       ++...                  (boots unavailable)
Stlth    ++++++....             f - amulet of regeneration
HPRegen  0.57/turn              n - +3 ring of intelligence
MPRegen  0.19/turn              C - ring of wizardry

@: petrified, quick
A: very small, no armour, no weapons or thrown items, stealth, claws 1, fangs 3,
thin metallic scales 1, see invisible, carnivore, deterioration 1, speed 1,
frail 1, magic resistance 1, shaggy fur 3, slow metabolism 1, sharp paws
a: Divine Energy, Channel Magic, Forget Spell, Renounce Religion


You were on level 3 of the Lair of Beasts.
You worshipped Sif Muna.
Sif Muna was greatly pleased with you.
You were full.

You visited 3 branches of the dungeon, and saw 17 of its levels.
You also visited: Labyrinth and Ossuary.

You collected 712 gold pieces.

Inventory:

Jewellery
 f - an amulet of regeneration (around neck)
 i - an uncursed ring of poison resistance
 l - an uncursed ring of protection from fire
 n - a +3 ring of intelligence (left paw)
 p - an uncursed amulet of rage
 w - an uncursed ring of protection from cold
 C - a ring of wizardry (right paw)
Wands
 r - a wand of paralysis (12)
 s - a wand of iceblast (10)
 E - a wand of flame (22)
 G - a wand of enslavement (31)
 K - a wand of acid (6)
Scrolls
 c - 4 scrolls of teleportation
 j - a scroll of magic mapping
 u - 5 scrolls of amnesia
 v - 4 scrolls of remove curse
 y - 2 scrolls of fog
Potions
 d - 2 potions of resistance
 g - 2 potions of lignification
 h - a potion of heal wounds
 m - 3 potions of cancellation
 o - a potion of ambrosia
 t - 7 potions of haste
 A - 2 potions of brilliance
 B - 4 potions of curing
 D - a potion of might
 F - 2 potions of mutation
 L - a potion of magic
 M - a potion of agility
Books
 a - a book of Maledictions

   Spells                             Type                      Level
   a - Corona                         Hexes                        1
   b - Ensorcelled Hibernation        Hexes/Ice                    2
   c - Confuse                        Hexes                        3
   d - Tukima's Dance                 Hexes                        3
   e - Dazzling Spray                 Conjuration/Hexes            3
 e - a book of Fire

   Spells                             Type                      Level
   a - Ignite Poison                  Fire/Transmutation/Poison    3
   b - Fireball                       Conjuration/Fire             5
   c - Bolt of Fire                   Conjuration/Fire             6
   d - Ring of Flames                 Charms/Fire                  7
   e - Ignition                       Fire                         8
 k - a book of Frost

   Spells                             Type                      Level
   a - Freeze                         Ice                          1
   b - Throw Frost                    Conjuration/Ice              2
   c - Ozocubu's Armour               Charms/Ice                   3
   d - Throw Icicle                   Conjuration/Ice              4
   e - Summon Ice Beast               Ice/Summoning                4
 q - a book of Necromancy

   Spells                             Type                      Level
   a - Pain                           Necromancy                   1
   b - Animate Skeleton               Necromancy                   1
   c - Vampiric Draining              Necromancy                   3
   d - Regeneration                   Charms/Necromancy            3
   e - Animate Dead                   Necromancy                   4
   f - Borgnjor's Vile Clutch         Necromancy/Earth             5
 x - a book of Party Tricks

   Spells                             Type                      Level
   a - Summon Butterflies             Summoning                    1
   b - Apportation                    Translocation                1
   c - Lesser Beckoning               Translocation                3
   d - Tukima's Dance                 Hexes                        3
   e - Alistair's Intoxication        Transmutation/Poison         5
   f - Invisibility                   Hexes                        6
Miscellaneous
 H - a box of beasts
Comestibles
 b - 35 rations


   Skills:
 + Level 10.6 Fighting
 - Level 9.1 Dodging
 + Level 15.0 Stealth
 + Level 10.7 Unarmed Combat
 + Level 8.7 Spellcasting
 - Level 12.5 Hexes


You had 17 spell levels left.
You knew the following spells:

 Your Spells              Type           Power        Failure   Level  Hunger
b - Ensorcelled Hibernat  Hex/Ice        #####.       1%          2    None
c - Confuse               Hex            ######..     1%          3    None
d - Invisibility          Hex            ######..     2%          6    ######.


Dungeon Overview and Level Annotations

Branches:
Dungeon (13/15)            Temple (1/1) D:7            Lair (3/6) D:8
    Orc (0/2) D:12         Vaults (0/5) D:13
  Swamp: Lair:2-4    Shoals: Lair:2-4     Snake: Lair:2-4    Spider: Lair:2-4

Altars:
Ashenzari
Cheibriados
Dithmenos
Elyvilon
Hepliaklqana
Kikubaaqudgha
Nemelex Xobeh
Okawaru
Qazlal
Ru
Sif Muna
Uskayaw
Vehumet
Wu Jian
Xom
Yredelemnul
Zin
The Shining One
Beogh

Shops:
D:4 [   D:7 (   D:10 :%*   D:11 %

Annotations:
D:13 Rupert
Lair:3 Snorg


Innate Abilities, Weirdness & Mutations

You cannot wear armour.
You are incapable of wielding weapons or throwing items.
Your paws allow you to move quietly. (Stealth)
You have sharp claws.
You have razor-sharp teeth.
You have supernaturally acute eyesight. (SInv)
You are carnivorous and can eat meat at any time.
You cover ground quickly.
Your thick and shaggy fur keeps you warm. (AC +3, rC+)
You have a slow metabolism.
Your sharp claws are effective at attacking unaware monsters.
You are partially covered in thin metallic scales. (AC +2)
Your body sometimes deteriorates upon taking damage.
You are frail. (-10% HP)
You are resistant to hostile enchantments. (MR+)


Message History

Confirm with . or Enter, or press ? or * to list all spells.
Aiming: Confuse
Press: ? - help, Shift-Dir - straight line, f/p - catoblepas
Aim: a catoblepas (calcifying dust, almost dead, chance to defeat MR: 13%)
The catoblepas resists with almost no effort.
You have turned to stone.
The catoblepas gores you!
Your body deteriorates!
You feel clumsy.
The catoblepas gores you but does no damage.
The catoblepas gores you!!
Your body deteriorates!
You feel weakened. The catoblepas gores you!!
* * * LOW HITPOINT WARNING * * *
The catoblepas barely misses you. The catoblepas gores you!!
* * * LOW HITPOINT WARNING * * *
The catoblepas barely misses you.
The catoblepas breathes a plume of calcifying dust at you.
The blast of calcifying dust hits you!
You die...

#....<..##...## ### ##...#.#..#
.## ##.### #P..###..## #.P#
P..#.# ##≈......††#...##
....####≈≈≈.≈.#..†#..#.#
..#......≈≈≈..#####...# .#..
###..†P##≈≈≈.P.#.P...# ..#..
#...####≈≈≈≈>.#...# #..T. #....#
#≈≈≈≈P..@Y##### ..... ##...#
##≈.≈...#.....# #####.... ##..##
#≈≈.....#.#...###.#.#.... #...##
##......#...#............
###...####..........#............
#....P##P...#....###.###.####.P##
#.................##.##### ##†##
#..............#######P#####..#
##..#########.....#.#..#P.###.#


You could see a catoblepas.

Vanquished Creatures
  The ghost of Delanovic the Grappler, a journeyman TrFi of Ru (D:12)
  A minotaur (Lab)
  Josephine (D:10)
  4 hydras
  Harold (Lair:1)
  3 two-headed ogres
  Urug (D:10)
  The ghost of Delanovic the Carver, a novice HaFi of the Shining One (D:7)
  A tengu warrior (D:13)
  An unseen horror (D:10)
  An ugly thing (D:12)
  A manticore (D:13)
  2 cyclopes (D:11)
  An ice statue (D:8)
  A black mamba (Lair:3)
  2 spiny frogs
  A tengu conjurer (D:13)
  10 komodo dragons
  A troll (D:10)
  Prince Ribbit (D:8)
  5 hippogriffs
  4 blink frogs (Lair:2)
  2 dream sheep (D:11)
  A vampire (D:11)
  A shadow (D:11)
  2 hungry ghosts
  8 humans
  34 yaks
  4 wraiths (D:10)
  4 basilisks
  A steam dragon (D:11)
  3 wargs
  9 water moccasins
  2 porcupines
  3 sky beasts
  2 ice beasts (D:11)
  3 orc warriors
  A phantom (D:9)
  An eye of draining (D:12)
  2 ogres
  6 centaurs
  5 wolves (Lair:1)
  6 big kobolds
  8 crocodiles
  9 bullfrogs
  A wyvern skeleton (D:12)
  6 scorpions
  4 wights (D:9)
  3 electric eels
  2 howler monkeys (D:8)
  A crimson imp (D:11)
  2 centaur zombies
  A human zombie (Ossuary)
  8 hounds
  2 jellies
  2 bullfrog skeletons
  8 orc priests
  3 centaur skeletons
  Jessica (D:3)
  14 iguanas
  7 orc wizards
  6 worker ants
  A big kobold zombie (Ossuary)
  A hound zombie (D:8)
  A hound skeleton (D:7)
  3 mummies
  4 gnolls
  16 adders
  A shadow imp (D:4)
  4 adder zombies
  An adder skeleton (D:5)
  3 worms
  5 dart slugs
  5 leopard geckos
  44 orcs
  7 bats
  7 giant cockroaches
  8 goblins
  6 hobgoblins
  3 jackals (D:7)
  23 kobolds
  5 quokkas
  A ball python (D:5)
  4 frilled lizards
  A goblin zombie (Ossuary)
  8 hobgoblin zombies (Ossuary)
  3 jackal zombies (Ossuary)
  9 kobold zombies (Ossuary)
  9 orc zombies (Ossuary)
  3 quokka skeletons
  12 rats
  A rat zombie (Ossuary)
  A butterfly (D:4)
  A plant (D:1)
434 creatures vanquished.

Vanquished Creatures (others)
  An orc (D:12)
  A fungus (Lair:2)
  2 plants
4 creatures vanquished.

Grand Total: 438 creatures vanquished

Notes
Turn   | Place    | Note
-------+----------+-------------------------------------------
     0 | D:1      | Delanovic the Felid Enchanter began the quest for the Orb.
     0 | D:1      | Reached XP level 1. HP: 7/7 MP: 4/4
   275 | D:1      | Reached XP level 2. HP: 11/11 MP: 6/6
   279 | D:1      | Learned a level 2 spell: Ensorcelled Hibernation
  1128 | D:1      | Reached XP level 3. HP: 14/14 MP: 0/7
  1133 | D:1      | Learned a level 3 spell: Confuse
  1695 | D:2      | Reached skill level 5 in Hexes
  2387 | D:2      | Found a sacrificial altar of Ru.
  2556 | D:3      | Reached skill level 5 in Stealth
  2556 | D:3      | Reached XP level 4. HP: 8/18 MP: 3/8
  2738 | D:3      | Noticed Jessica
  2867 | D:3      | Killed Jessica
  3136 | D:3      | Reached skill level 1 in Fighting
  3226 | D:3      | Reached XP level 5. HP: 18/22 MP: 3/9
  3307 | D:3      | Found a shadowy altar of Dithmenos.
  3309 | D:3      | Found a hide-covered altar of Uskayaw.
  3414 | D:3      | Found a shattered altar of Ashenzari.
  4003 | D:3      | Found a snail-covered altar of Cheibriados.
  4255 | D:4      | Found Everub's Armour Boutique.
  4519 | D:4      | Gained mutation: You are covered in thick fur. (AC +2) [Felid growth]
  4519 | D:4      | Reached XP level 6. HP: 26/26 MP: 1/10
  4695 | D:4      | Found a shimmering altar of Xom.
  4849 | D:5      | Entered Level 5 of the Dungeon
  4940 | D:4      | Reached skill level 5 in Dodging
  4940 | D:4      | Reached skill level 6 in Stealth
  5262 | D:5      | Noticed a sky beast
  5363 | D:5      | Killed a sky beast
  5363 | D:5      | Reached XP level 7. HP: 30/30 MP: 2/11
  5412 | D:5      | Found a sand-covered staircase.
  5465 | Ossuary  | Entered an ossuary
  6491 | D:5      | Reached skill level 7 in Stealth
  7231 | D:5      | Reached XP level 8. HP: 34/34 MP: 12/12
  7795 | D:6      | You fall through a shaft!
  7826 | D:7      | Found Wapa's Antique Weapon Shop.
  7849 | D:7      | Noticed Delanovic's ghost (novice HaFi)
  8620 | D:6      | Reached skill level 8 in Stealth
  9324 | D:7      | Reached skill level 5 in Unarmed Combat
 10693 | D:7      | Killed Delanovic's ghost
 10693 | D:7      | Reached skill level 5 in Fighting
 10693 | D:7      | Reached XP level 9. HP: 22/40 MP: 1/13
 10892 | D:7      | Found a staircase to the Ecumenical Temple.
 10918 | Temple   | Entered the Ecumenical Temple
 10928 | Temple   | Became a worshipper of Sif Muna the Loreminder
 11167 | D:8      | Reached skill level 9 in Stealth
 11276 | D:8      | Noticed a two-headed ogre
 11593 | D:8      | Killed a two-headed ogre
 11735 | D:8      | Noticed Prince Ribbit
 12145 | D:8      | Killed Prince Ribbit
 12398 | D:8      | Reached * piety under Sif Muna
 12398 | D:8      | Reached skill level 10 in Hexes
 12449 | D:8      | Noticed a two-headed ogre
 12463 | D:8      | Noticed an ice statue
 12476 | D:8      | Killed a two-headed ogre
 12476 | D:8      | Reached skill level 10 in Stealth
 12476 | D:8      | Reached XP level 10. HP: 26/45 MP: 7/16
 13081 | D:7      | Learned a level 6 spell: Invisibility
 13411 | D:8      | Found a staircase to the Lair.
 13709 | D:9      | Found an ornate altar of the Wu Jian Council.
 14305 | D:9      | Found an ancient bone altar of Kikubaaqudgha.
 14305 | D:9      | Found a white marble altar of Elyvilon.
 14351 | D:10     | Entered Level 10 of the Dungeon
 14359 | D:10     | Noticed Urug
 14388 | D:10     | Killed Urug
 14766 | D:10     | Found Noprapri's Food Emporium.
 14775 | D:10     | Found an ornate altar of the Wu Jian Council.
 14784 | D:10     | Noticed Josephine
 14785 | D:10     | Reached skill level 11 in Stealth
 14794 | D:10     | Killed Josephine
 14804 | D:10     | Reached XP level 11. HP: 24/50 MP: 4/19
 14997 | D:10     | Found Cijit's Book Boutique.
 14999 | D:10     | Noticed an unseen horror
 15023 | D:10     | Reached skill level 5 in Spellcasting
 15041 | D:10     | Killed an unseen horror
 15041 | D:10     | Reached ** piety under Sif Muna
 15255 | D:10     | Found Ziptaer's Assorted Antiques.
 16234 | D:11     | Found an iron altar of Okawaru.
 16263 | D:11     | Reached skill level 12 in Stealth
 16732 | D:11     | Found Kikho's Food Shop.
 16807 | D:11     | Noticed a two-headed hydra
 16827 | D:11     | Killed a two-headed hydra
 17089 | D:12     | Found a staircase to the Orcish Mines.
 17150 | D:12     | Noticed a two-headed ogre
 17156 | D:12     | Killed a two-headed ogre
 17281 | D:12     | Gained mutation: Your thick and shaggy fur keeps you warm. (AC +3, rC+) [Felid growth]
 17281 | D:12     | Reached XP level 12. HP: 45/56 MP: 19/22
 17543 | D:12     | Noticed Delanovic's ghost (journeyman TrFi)
 17553 | D:12     | Killed Delanovic's ghost
 17736 | D:12     | Found a roughly hewn altar of Beogh.
 17801 | D:13     | Found a gate to the Vaults.
 17801 | D:13     | Noticed Rupert
 17801 | D:13     | Noticed a six-headed hydra
 17801 | D:13     | Noticed a centaur warrior
 17801 | D:13     | Noticed a tengu warrior
 17869 | D:13     | Reached skill level 13 in Stealth
 17951 | D:13     | Reached *** piety under Sif Muna
 18020 | D:13     | Killed a tengu warrior
 18173 | D:13     | Found a labyrinth entrance.
 18177 | Lab      | Entered a labyrinth
 20733 | Lab      | Noticed a minotaur
 20742 | Lab      | Killed a minotaur
 20781 | D:13     | Noticed a four-headed hydra
 20789 | D:13     | Killed a four-headed hydra
 20828 | D:13     | Gained mutation: You are frail. (-10% HP) [potion of mutation]
 20828 | D:13     | Gained mutation: You are partially covered in thin metallic scales. (AC +2) [potion of mutation]
 20828 | D:13     | Gained mutation: You are resistant to hostile enchantments. (MR+) [potion of mutation]
 21138 | D:13     | Noticed a four-headed hydra
 21344 | D:13     | Slain by a six-headed hydra
 21345 | D:13     | Reached XP level 11. HP: -2/47 MP: 23/23
 21418 | D:13     | Noticed a sea snake
 21424 | D:13     | Shot with a bolt by an orc knight
 21425 | D:13     | Reached XP level 10. HP: -14/44 MP: 18/22
 21609 | Lair:1   | Entered Level 1 of the Lair of Beasts
 21619 | Lair:1   | Noticed a spiny frog
 22154 | D:8      | Killed an ice statue
 22154 | D:8      | Reached skill level 14 in Stealth
 22388 | Lair:1   | Killed a spiny frog
 22491 | Lair:1   | Reached XP level 11. HP: 48/48 MP: 13/23
 22600 | Lair:1   | Reached skill level 10 in Unarmed Combat
 23143 | Lair:1   | Reached skill level 10 in Fighting
 23230 | Lair:1   | Noticed Harold
 23241 | Lair:1   | Killed Harold
 23509 | Lair:2   | Noticed an eight-headed hydra
 23711 | Lair:2   | Killed an eight-headed hydra
 23950 | Lair:2   | Noticed a four-headed hydra
 23971 | Lair:2   | Killed a four-headed hydra
 24121 | Lair:2   | Reached **** piety under Sif Muna
 24298 | Lair:2   | Gained mutation: Your body sometimes deteriorates upon taking damage. [mutagenic glow]
 24502 | Lair:3   | Reached XP level 12. HP: 52/52 MP: 20/25
 24776 | Lair:3   | Reached skill level 15 in Stealth
 24916 | Lair:3   | Noticed Snorg
 24916 | Lair:3   | Noticed a catoblepas
 24941 | Lair:3   | HP: 2/53 [catoblepas (13)]
 24943 | Lair:3   | Killed from afar by a catoblepas

Skill      XL: |  1  2  3  4  5  6  7  8  9 10 11 12 |
---------------+-------------------------------------+-----
Dodging        | 3 4 5 6 7 8 9 |  9.1
Hexes          | 5 6 7 9 10 11 12 | 12.5
Unarmed Combat | 2 3 4 5 6 7 10 9 | 10.7
Stealth        | 5 6 7 8 10 14 12 15 | 15.0
Fighting       | 1 2 3 5 6 7 10 9 | 10.6
Spellcasting   | 3 4 8 7 |  8.7

Action                   |  1- 3 |  4- 6 |  7- 9 | 10-12 || total
-------------------------+-------+-------+-------+-------++-------
Melee: Unarmed           |   197 |    85 |   343 |   693 ||  1318
       Bite              |    21 |     1 |    36 |    60 ||   118
       Punch             |     1 |       |     6 |    20 ||    27
 Cast: Corona            |     7 |       |       |       ||     7
       Ensorcelled Hiber |    17 |    34 |    38 |    70 ||   159
       Confuse           |     1 |    16 |    96 |   196 ||   309
       Invisibility      |       |       |       |    10 ||    10
Invok: Divine Energy     |       |       |       |     1 ||     1
       Stop Divine Energ |       |       |       |     1 ||     1
  Use: Scroll            |     5 |     8 |     5 |    14 ||    32
       Potion            |       |       |     2 |     7 ||     9
 Stab: Sleeping          |    28 |    32 |    43 |    75 ||   178
       Confused          |       |     9 |    45 |    98 ||   152
       Distracted        |       |       |     1 |       ||     1
       Invisible         |       |       |       |    37 ||    37
  Eat: Chunk             |     4 |    11 |    24 |    31 ||    70
       Ration            |       |       |     4 |       ||     4
Armor: Skin              |     5 |       |       |    18 ||    23
Dodge: Dodged            |    90 |    57 |   206 |   521 ||   874
